 Dungeon Crawl Stone Soup version 0.29.1-2-gbd0b4ee654 (webtiles) character file.

Game seed: 9054336583175825017

199 MTVSty1e the Chopper (level 5, -1/47 HPs)
             Began as a Minotaur Fighter on Oct 23, 2022.
             Killed from afar by an orc wizard (11 damage)
             ... with a puff of flame
             ... on level 3 of the Dungeon.
             The game lasted 00:02:15 (2295 turns).

MTVSty1e the Chopper (Minotaur Fighter)             Turns: 2295, Time: 00:02:17

Health: -1/47      AC:  6    Str: 23    XL:     5   Next: 48%
Magic:  4/4        EV:  9    Int:  5    God:
Gold:   128        SH:  4    Dex:  9    Spells: 4/4 levels left

rFire   . . .      SeeInvis .   a - +0 war axe
rCold   . . .      Faith    .   c - +0 buckler
rNeg    . . .      Spirit   .   b - +0 scale mail
rPois   .          Reflect  .   (helmet restricted)
rElec   .          Harm     .   (no cloak)
rCorr   .          Rampage  .   (no gloves)
Will    .....                   (no boots)
Stlth   ..........              (no amulet)
HPRegen 0.15/turn               (no ring)
MPRegen 0.09/turn               (no ring)

@: mighty
A: horns 2, retaliatory headbutt
a: no special abilities


You were on level 3 of the Dungeon.
You visited 1 branch of the dungeon, and saw 3 of its levels.

You collected 128 gold pieces.

Inventory:

Hand Weapons
 a - a +0 war axe (weapon)
Missiles
 m - a throwing net (quivered)
Armour
 b - a +0 scale mail (worn)
 c - a +0 buckler (worn)
Jewellery
 g - an amulet of magic regeneration
 q - a +6 ring of intelligence
Scrolls
 e - a scroll of enchant weapon {unknown}
 f - 5 scrolls of identify {unknown}
 k - a scroll of blinking {unknown}
 o - a scroll of amnesia {unknown}
Potions
 h - a potion of heal wounds {unknown}
 i - 2 potions of brilliance {unknown}
 j - 3 potions of curing
 l - a potion of resistance {unknown}
 n - a potion of experience {unknown}
 p - a potion of ambrosia {unknown}


   Skills:
 + Level 4.6 Fighting
 * Level 6.3 Axes
 - Level 3.6 Armour
 - Level 3.6 Shields


You had 4 spell levels left.
You didn't know any spells.
Your spell library contained the following spells:

 Spells                   Type           Power      Damage    Failure   Level
 Sandblast                Erth           0%         2d4       86%         1
 Passwall                 Tmut/Erth      0%         N/A       95%         2
 Ignite Poison            Fire/Tmut/Pois 0%         N/A       99%         3
 Mephitic Cloud           Conj/Pois/Air  0%         N/A       99%         3
 Stone Arrow              Conj/Erth      0%         3d7       99%         3
 Freezing Cloud           Conj/Ice/Air   0%         6-21      100%        5


Dungeon Overview and Level Annotations

Branches:
Dungeon (3/15)

Altars:
Dithmenos

Shops:
D:1 [   D:2 *


Innate Abilities, Weirdness & Mutations

You have a pair of horns on your head.
You reflexively headbutt those who attack you in melee.


Message History

You are frozen.
The orc hits you with a +0 club.
You feel very mighty all of a sudden.
You feel sick.
The orc priest miscasts a cantrip.
The endoplasm freezes you.
You are frozen.
The orc completely misses you. The orc closely misses you.
You furiously retaliate!
You headbutt the orc!
You kill the orc!
The orc closely misses you. You block the orc wizard's attack.
You slash the endoplasm!
You kill the endoplasm!
You hit the orc wizard.
You closely miss the orc. x2; You feel sick.
The orc hits you but does no damage. The orc wizard misses you.
The orc hits you but does no damage.
You are more poisoned.
You slash the orc!
You kill the orc!
You hit the frilled lizard.
You kill the frilled lizard!
You closely miss the orc wizard. You slash the orc!
You kill the orc!
You feel very sick.
The orc wizard hits you but does no damage.
You barely miss the orc priest. Your headbutt misses the orc priest.
You closely miss the orc wizard.
You feel very sick.
The orc priest calls down the wrath of Beogh upon you.
Pain shoots through your body!
* * * LOW HITPOINT WARNING * * *
The orc wizard hits you but does no damage.
You feel better. You block the orc priest's attack.
The orc wizard gestures at you while chanting.
The magic dart hits you.
* * * LOW HITPOINT WARNING * * *
You hit the orc priest. Your headbutt misses the orc priest.
The orc priest is lightly wounded.
You closely miss the orc wizard.
The orc priest hits you but does no damage.
The orc wizard points at you and mumbles some strange words.
The puff of flame hits you!
You die...

#........<....#...
####....##..###...
#....###.# ##.# #....#
#.# #.. ###...####.# ###
#.....##...# #
#.#####..#...#.### #
#....)...#.#...# #
###...@)##.#..### ##
#..oo##.......# #.
.............###.# #.
#..........#.###.#### #.
#...................###.
#.......................
#......#.#.###.##.......
#...... .#.# #.#####.###
#.###..# #.# #


You could see an orc priest and an orc wizard.

Vanquished Creatures
  9 gnolls
  3 adders
  4 dart slugs
  3 orcs (D:3)
  4 ball pythons
  7 bats
  10 endoplasms
  3 giant cockroaches
  2 goblins
  9 hobgoblins
  6 kobolds
  A quokka (D:1)
  4 frilled lizards
  9 rats
74 creatures vanquished.

Vanquished Creatures (others)
  16 plants (D:2)
16 creatures vanquished.

Grand Total: 90 creatures vanquished

Notes
Turn   | Place    | Note
-------+----------+-------------------------------------------
     0 | D:1      | MTVSty1e the Minotaur Fighter began the quest for the Orb.
     0 | D:1      | Reached XP level 1. HP: 19/19 MP: 0/0
    59 | D:1      | Found Ytieguet's Antique Armour Shoppe.
    69 | D:1      | Reached XP level 2. HP: 22/27 MP: 1/1
    70 | D:1      | Reached skill level 3 in Axes
   692 | D:1      | Reached XP level 3. HP: 26/34 MP: 2/2
  1038 | D:1      | Reached skill level 4 in Axes
  1276 | D:2      | Found Emuirr's General Store.
  1302 | D:2      | Reached XP level 4. HP: 32/41 MP: 3/3
  1455 | D:2      | Reached skill level 5 in Axes
  1770 | D:3      | Found a faded altar of an unknown god.
  1859 | D:3      | Found a shadowy altar of Dithmenos.
  2071 | D:3      | Reached XP level 5. HP: 47/47 MP: 4/4
  2075 | D:3      | Reached skill level 6 in Axes
  2295 | D:3      | Killed from afar by an orc wizard

Illustrated notes

Levels and vault maps discovered:
D:1:      amcnicky_arrival_feature_with_door, layout_basic, serial_shops,
          shop_statue
D:2:      layout_basic, serial_shops, nicolae_square_shop, nicolae_grassy_gnolls
D:3:      layout_rooms, mainiacjoe_overflow_small_starburst,
          dilly_ecumenical_altar_fadedgnrine

Skill      XL: |  1  2  3  4  5 |
---------------+----------------+-----
Fighting       | 4 |  4.6
Axes           | 3 4 5 6 |  6.3
Armour         | |  3.6
Shields        | |  3.6

Action                   |  1- 3 |  4- 6 || total
-------------------------+-------+-------++-------
Melee: War axe           |    88 |    62 ||   150
       Headbutt          |    10 |     8 ||    18
  Use: Potion            |       |     2 ||     2
Armor: Scale mail        |    47 |    41 ||    88
Dodge: Dodged            |    39 |    37 ||    76
Block: Buckler           |    26 |    18 ||    44
